 Dungeon Crawl Stone Soup version 0.26.1-11-gd32895ea62 (webtiles) character file.

Game seed: 1413878173790438993

2486 Patoropollo the Unseen (level 9, 0/44 HPs)
             Began as a Felid Fighter on June 1, 2021.
             Was a Priest of Dithmenos.
             Slain by a blink frog (17 damage)
             ... on level 1 of the Lair of Beasts.
             The game lasted 00:28:31 (13192 turns).

Patoropollo the Unseen (Felid Fighter)             Turns: 13192, Time: 00:28:32

Health: 0/44       AC:  2    Str: 15    XL:     9   Next: 27%
Magic:  10/10      EV: 26    Int: 13    God:    Dithmenos [***...]
Gold:   589        SH:  0    Dex: 16    Spells: 8/8 levels left
                                        Lives:  0   Deaths: 2

rFire    . . .     SeeInvis +     - Unarmed
rCold    . . .     Faith    .   (shield unavailable)
rNeg     . . .     Spirit   .   (armour unavailable)
rPois    .         Reflect  .   (helmet unavailable)
rElec    .         Harm     .   (cloak unavailable)
rCorr    .         Rampage  .   (gloves unavailable)
Will     ++...                  (boots unavailable) Stlth *+++++++++
                                (no amulet)
HPRegen  0.14/turn              h - ring of stealth
MPRegen  0.12/turn              w - ring of Ethics {Will+ Int+3}

@: wreathed by umbra, quick
A: very small, no armour, no weapons or thrown items, stealth, claws 1, fangs 3,
see invisible, speed 1, shaggy fur 2, sharp paws
a: Renounce Religion, Shadow Step


You were on level 1 of the Lair of Beasts.
You worshipped Dithmenos.
Dithmenos was most pleased with you.
You visited 2 branches of the dungeon, and saw 10 of its levels.

You collected 589 gold pieces.

Inventory:

Jewellery
 g - an uncursed ring of flight
 h - a ring of stealth (left paw)
 w - the ring of Ethics (right paw) {Will+ Int+3}
   (You found it on level 6 of the Dungeon)

   [ring of willpower]

   It affects your intelligence (+3).
   It affects your willpower, your defense against some magical effects.
Wands
 d - a wand of polymorph (4)
 l - a wand of paralysis (16)
 A - a wand of random effects (16)
Scrolls
 b - a scroll of enchant armour
 c - a scroll of immolation
 e - 16 scrolls of identify
 f - 5 scrolls of blinking
 i - 2 scrolls of noise
 j - 4 scrolls of teleportation
 k - 3 scrolls of amnesia
 m - 3 scrolls of remove curse
 p - a scroll of fear {unknown}
 q - 2 scrolls of fog {unknown}
 x - 3 scrolls of enchant weapon {unknown}
 y - a scroll of holy word {unknown}
 z - a scroll of silence {unknown}
 B - a scroll of random uselessness {unknown}
Potions
 n - a potion of brilliance
 o - 4 potions of heal wounds
 r - a potion of flight
 t - a potion of lignification
 u - 2 potions of haste {unknown}
 v - a potion of curing


   Skills:
 + Level 8.0 Fighting
 + Level 10.4 Dodging
 + Level 16.8 Stealth
 + Level 8.5 Unarmed Combat


You had 8 spell levels left.
You didn't know any spells.
Your spell library was empty.

Dungeon Overview and Level Annotations

Branches:
Dungeon (9/15)             Temple (0/1) D:7            Lair (1/6) D:9
    Orc: D:9-12

Altars:
Cheibriados
Dithmenos
Fedhas
Hepliaklqana
Kikubaaqudgha
Makhleb
Nemelex Xobeh
Qazlal
Ru
Sif Muna
Trog
Uskayaw
Vehumet
Xom
Yredelemnul

Shops:
D:5 [   D:7 }


Innate Abilities, Weirdness & Mutations

You cannot wear armour.
You are incapable of wielding weapons or throwing items.
Your paws allow you to move quietly. (Stealth)
You have sharp claws.
You have razor-sharp teeth.
You have supernaturally acute eyesight. (SInv)
You cover ground quickly.
You are covered in thick fur. (AC +2)
Your sharp claws are effective at attacking unaware monsters.


Message History

You miss the blink frog. The blink frog misses you.
The blink frog completely misses you.
You closely miss the blink frog. The blink frog misses you.
You claw the blink frog!
The blink frog is heavily wounded.
The blink frog completely misses you. x2
You closely miss the blink frog.
The blink frog is heavily wounded.
The blink frog misses you. The blink frog barely misses you.
The blink frog completely misses you.
You claw the blink frog! Your bite misses the blink frog.
The blink frog is almost dead.
The blink frog barely misses you. The blink frog completely misses you.
You closely miss the blink frog.
The blink frog is almost dead.
The blink frog misses you. The blink frog completely misses you.
You closely miss the blink frog.
The blink frog is almost dead.
The blink frog hits you!
You die...

###.#### #....# #....# #......##
#....## .. ##....#
#.......###.....# #..# .....#
##...............# # #.####....#
#...............#
###.........####...............#
.##.........P..##..............#
.##...............#P##..###....#
.##............F@.####### #....#
..#......###....F.# #....#
.#......###...†...## ##....##
###.....# #...†....# #......# #
#.....# ##.......... ########
#......# #.......... ...P....#
#.......... ..##....#
#........... #P ####P#
#####P#####


You could see 2 blink frogs.

Vanquished Creatures
  An elephant (D:8)
  A black mamba (Lair:1)
  A komodo dragon (Lair:1)
  A hornet (D:8)
  Prince Ribbit (D:7)
  3 blink frogs (Lair:1)
  A wyvern (D:8)
  A basilisk (D:8)
  A water moccasin (D:9)
  An ice beast (D:6)
  A black bear (D:9)
  4 phantoms
  A sky beast (D:8)
  8 orc warriors
  4 ogres
  A necrophage (D:8)
  5 centaurs
  4 big kobolds
  7 bullfrogs
  Blork the orc (D:4)
  2 scorpions
  3 howler monkeys (D:7)
  A bullfrog zombie (D:9)
  A centaur zombie (D:7)
  2 quasits
  3 hounds
  A jelly (D:7)
  A centaur skeleton (D:4)
  2 orc priests
  4 iguanas
  3 orc wizards (D:7)
  Ijyb (D:3)
  6 worker ants
  2 hound zombies
  2 hound skeletons
  Robin (D:4)
  A worker ant zombie (D:6)
  A howler monkey skeleton (D:5)
  7 adders
  A shadow imp (D:7)
  A white imp (D:9)
  2 ufetubi
  An ooze (D:1)
  An adder zombie (D:7)
  An adder skeleton (D:4)
  3 worms
  3 leopard geckos
  36 orcs
  2 giant cockroaches
  19 goblins
  9 hobgoblins
  2 jackals (D:1)
  2 quokkas (D:2)
  2 ball pythons (D:1)
  10 bats
  6 frilled lizards
  31 kobolds
  2 quokka skeletons
  9 rats
235 creatures vanquished.

Vanquished Creatures (others)
  A withered plant (D:4)
1 creature vanquished.

Grand Total: 236 creatures vanquished

Notes
Turn   | Place    | Note
-------+----------+-------------------------------------------
     0 | D:1      | Patoropollo the Felid Fighter began the quest for the Orb.
     0 | D:1      | Reached XP level 1. HP: 10/10 MP: 2/2
   346 | D:1      | Reached XP level 2. HP: 14/14 MP: 3/3
   849 | D:2      | Noticed a +0 dagger
   849 | D:2      | Noticed a +0 hand axe
   852 | D:2      | Found a hide-covered altar of Uskayaw.
  1002 | D:2      | Found a hazy altar of Hepliaklqana.
  1010 | D:2      | Found a sacrificial altar of Ru.
  1055 | D:2      | Reached XP level 3. HP: 17/17 MP: 4/4
  1731 | D:2      | Found a blossoming altar of Fedhas.
  1732 | D:2      | Found a shimmering altar of Xom.
  2021 | D:3      | Reached skill level 5 in Dodging
  2040 | D:3      | Reached XP level 4. HP: 15/22 MP: 5/5
  2473 | D:3      | Found a radiant altar of Vehumet.
  2866 | D:4      | Noticed a phantom
  3146 | D:4      | Found a stormy altar of Qazlal.
  3146 | D:4      | Found a burning altar of Makhleb.
  3146 | D:4      | Noticed Ijyb
  3211 | D:4      | Noticed an ogre
  3214 | D:4      | Found an ancient bone altar of Kikubaaqudgha.
  3234 | D:3      | Killed an ogre
  3235 | D:3      | Reached skill level 5 in Unarmed Combat
  3235 | D:3      | Reached XP level 5. HP: 25/25 MP: 6/6
  3247 | D:4      | Noticed a phantom
  3249 | D:4      | Found a sparkling altar of Nemelex Xobeh.
  3615 | D:3      | Killed Ijyb
  3878 | D:4      | Killed a phantom
  3879 | D:4      | Gained mutation: You are covered in thick fur. (AC +2)
                  | [Felid growth]
  3879 | D:4      | Reached XP level 6. HP: 7/29 MP: 7/7
  4538 | D:4      | Reached skill level 5 in Fighting
  4549 | D:4      | Reached XP level 7. HP: 8/33 MP: 8/8
  4998 | D:4      | Noticed Blork the orc
  5005 | D:4      | Noticed Robin
  5243 | D:4      | Killed Robin
  5493 | D:4      | Found a shimmering blue altar of Sif Muna.
  5536 | D:4      | Killed Blork the orc
  5687 | D:5      | Entered Level 5 of the Dungeon
  6281 | D:5      | Found a shadowy altar of Dithmenos.
  6292 | D:5      | Became a worshipper of Dithmenos the Shadowed
  6596 | D:5      | Reached skill level 1 in Stealth
  6596 | D:5      | Reached XP level 8. HP: 25/38 MP: 9/9
  6701 | D:5      | Found Hota's Armour Shoppe.
  7457 | D:6      | Reached skill level 2 in Stealth
  7819 | D:6      | Reached skill level 3 in Stealth
  7931 | D:6      | Got a scorched bronze ring
  7959 | D:6      | Identified the ring of Ethics {Will+ Int+3} (You found it
                  | on level 6 of the Dungeon)
  7969 | D:6      | Reached skill level 15 in Stealth
  7969 | D:6      | Reached XP level 9. HP: 42/42 MP: 10/10
  8221 | D:6      | Found a bloodstained altar of Trog.
  8277 | D:6      | Found a snail-covered altar of Cheibriados.
  8342 | D:7      | Found Wuol's Gadget Emporium.
  8347 | D:7      | Found a radiant altar of Vehumet.
  8393 | D:7      | Reached skill level 16 in Stealth
  8464 | D:7      | Reached * piety under Dithmenos
  8714 | D:7      | Noticed Prince Ribbit
  8721 | D:7      | Killed Prince Ribbit
  8874 | D:7      | Reached XP level 10. HP: 47/47 MP: 11/11
  9194 | D:7      | Found a staircase to the Ecumenical Temple.
  9443 | D:8      | Reached ** piety under Dithmenos
 10610 | D:9      | Found a staircase to the Lair.
 10610 | D:9      | Noticed an elephant
 10887 | D:8      | Killed an elephant
 11866 | D:8      | Reached skill level 10 in Dodging
 12916 | D:9      | Reached *** piety under Dithmenos
 12927 | D:9      | Slain by an orc warrior
 12928 | D:9      | Reached XP level 9. HP: -1/43 MP: 10/10
 12979 | D:9      | Found a basalt altar of Yredelemnul.
 13105 | Lair:1   | Entered Level 1 of the Lair of Beasts
 13105 | Lair:1   | Noticed a black mamba
 13105 | Lair:1   | Noticed a komodo dragon
 13112 | Lair:1   | Killed a komodo dragon
 13116 | Lair:1   | Killed a black mamba
 13117 | Lair:1   | Reached XP level 10. HP: 48/48 MP: 11/11
 13156 | Lair:1   | Demolished by a blink frog
 13157 | Lair:1   | Reached XP level 9. HP: -14/44 MP: 10/10
 13192 | Lair:1   | Slain by a blink frog

Illustrated notes

Levels and vault maps discovered:
D:1:      co_arrival_random_square_maze, layout_basic
D:2:      layout_loops_ring, dancing_weapons_uskayaw,
          amethyst_overflow_temple_binary, gammafunk_temple_overflow_pools
D:3:      layout_basic, vehumet_crystals
D:4:      layout_cave_pools, nemelex_xobeh_ov_fountains_minmay,
          kiku_gazebo_garden_becter, tgw_sif, grunt_temple_overflow_open,
          grunt_ministairs_3, uniq_robin, uniq_ijyb
D:5:      layout_layer_cave, serial_shops, nicolae_shop_trees,
          minmay_crystal_room, minivault_26, grunt_dithmenos_smoke,
          uniq_blork_the_orc
D:6:      layout_basic, cheibriados_altar_1, minivault_10,
          trog_three_pillars_becter
D:7:      layout_loops_ring, minmay_temple_entry_sparse_star, serial_shops,
          shop, basic_altar, kennysheep_generic_room_14, uniq_prince_ribbit1
D:8:      layout_basic
D:9:      layout_long_grid, kennysheep_mini, david_lair_generic, special_room
          [special_room_orc]
Lair:1:   layout_cellular_growth, cheibrodos_lair_reptile_den

Skill      XL: |  1  2  3  4  5  6  7  8  9 10 |
---------------+-------------------------------+-----
Dodging        | 5 6 8 9 10 | 10.4
Fighting       | 4 5 6 8 |  8.0
Unarmed Combat | 5 6 7 8 |  8.5
Stealth        | 1 15 16 | 16.8

Action                   |  1- 3 |  4- 6 |  7- 9 | 10-12 || total
-------------------------+-------+-------+-------+-------++-------
Melee: Unarmed           |   117 |   139 |   217 |   290 ||   763
       Bite              |    12 |    16 |    18 |    34 ||    80
       Punch             |     1 |     2 |     8 |     5 ||    16
 Abil: Stop Flying       |       |       |     2 |       ||     2
       Evoke Flight      |       |       |     2 |       ||     2
  Use: Potion            |       |     5 |     2 |     2 ||     9
       Scroll            |       |       |    13 |       ||    13
 Stab: Sleeping          |     9 |     5 |    28 |    10 ||    52
       Distracted        |       |       |       |     3 ||     3
Armor: Skin              |     6 |     2 |     6 |     6 ||    20
Dodge: Dodged            |    96 |    89 |   152 |   334 ||   671
